 Dungeon Crawl Stone Soup version 0.23-a0-643-g9ccc95a (webtiles) character file.

2123 tarabluh the Summoner (level 9, 0/97 HPs)
             Began as an Ogre Summoner on Dec 31, 2018.
             Shot with a sling bullet by Joseph (20 damage)
             ... on level 7 of the Dungeon.
             The game lasted 00:25:58 (10784 turns).

tarabluh the Summoner (Ogre Summoner)              Turns: 10784, Time: 00:25:59

Health: 0/97       AC:  5    Str: 17    XL:     9   Next: 29%
Magic:  8/18       EV: 13    Int: 19    God:
Gold:   479        SH:  0    Dex:  9    Spells: 3/20 levels left

rFire    . . .     SeeInvis .   z - +0 halberd (venom)
rCold    . . .     Gourm    .   (shield currently unavailable)
rNeg     . . .     Faith    .   x - +2 robe {MR+}
rPois    .         Spirit   .   (helmet restricted)
rElec    .         Reflect  .   (no cloak)
rCorr    .         Harm     .   (gloves unavailable)
MR       +....                  (boots unavailable)
Stlth    +.........             o - amulet of magic regeneration
HPRegen  0.26/turn              h - +3 ring of evasion
MPRegen  0.41/turn              r - +3 ring of strength

@: no status effects
A: large, unfitting armour, tough skin 1
a: no special abilities


You were on level 7 of the Dungeon.
You were not hungry.

You visited 2 branches of the dungeon, and saw 9 of its levels.

You collected 479 gold pieces.

Inventory:

Hand Weapons
 z - a +0 halberd of venom (weapon)
Missiles
 b - 261 stones (quivered)
 j - 9 tomahawks
Armour
 x - a +2 robe of magic resistance (worn)
Magical Staves
 a - an uncursed staff of air
 y - an uncursed staff of power
Jewellery
 h - a +3 ring of evasion (left hand)
 o - an amulet of magic regeneration (around neck)
 r - a +3 ring of strength (right hand)
 v - an uncursed ring of positive energy
Wands
 D - a wand of polymorph (4)
Scrolls
 d - 2 scrolls of enchant armour {unknown}
 i - 2 scrolls of immolation
 m - 2 scrolls of teleportation
 n - 6 scrolls of remove curse
 q - a scroll of random uselessness {unknown}
 u - a scroll of brand weapon {unknown}
 A - 2 scrolls of blinking {unknown}
 B - a scroll of amnesia {unknown}
 C - 3 scrolls of identify
Potions
 e - 2 potions of berserk rage
 g - 2 potions of agility
 k - 2 potions of heal wounds {unknown}
 l - a potion of resistance {unknown}
 p - 2 potions of cancellation {unknown}
 s - 2 potions of curing {unknown}
 t - a potion of mutation {unknown}
 w - a potion of might {unknown}
Comestibles
 c - 9 rations


   Skills:
 + Level 8.6 Fighting
 - Level 1.7 Dodging
 - Level 1.4 Stealth
 - Level 6.0 Spellcasting
 * Level 8.7 Summonings


You had 3 spell levels left.
You knew the following spells:

 Your Spells              Type           Power        Failure   Level  Hunger
a - Summon Small Mammal   Summ           ####         1%          1    None
b - Call Imp              Summ           #####...     1%          2    None
c - Call Canine Familiar  Summ           #####...     1%          3    ##.....
d - Summon Guardian Gole  Hex/Summ       ###.....     5%          3    ##.....
e - Summon Ice Beast      Ice/Summ       ###.....     19%         4    ####...
f - Summon Lightning Spi  Summ/Air       ###.....     19%         4    ####...

Your spell library contained the following spells:

 Spells                   Type           Power        Failure   Level  Hunger
 Confusing Touch          Hex            #.....       11%         1    None
 Confuse                  Hex            #.......     32%         3    ##.....
 Gell's Gravitas          Tloc           #.........   32%         3    ##.....
 Petrify                  Tmut/Erth      #.......     73%         4    ####...
 Metabolic Englaciation   Hex/Ice        #.........   97%         5    #####..
 Yara's Violent Unravell  Hex/Tmut       #.........   97%         5    #####..


Dungeon Overview and Level Annotations

Branches:
Dungeon (8/15)             Temple (1/1) D:5
   Lair: D:8-11

Altars:
Ashenzari
Dithmenos
Elyvilon
Gozag
Kikubaaqudgha
Makhleb
Nemelex Xobeh
Okawaru
Ru
Trog
Uskayaw
Vehumet
Wu Jian
Xom
Yredelemnul
Zin
The Shining One

Annotations:
D:7 Joseph


Innate Abilities, Weirdness & Mutations

You are too large for most types of armour.
You have tough skin. (AC +1)


Message History

A chill wind blows around you.
Unknown command.
Casting: Summon Ice Beast (slightly dangerous; 19% risk of failure)
Confirm with . or Enter, or press ? or * to list all spells.
A chill wind blows around you. Joseph hits you with a +0 quarterstaff!
* * * LOW HITPOINT WARNING * * *
Unknown command.
Casting: Summon Ice Beast (slightly dangerous; 19% risk of failure)
Confirm with . or Enter, or press ? or * to list all spells.
A chill wind blows around you. Joseph closely misses you.
Your ice beast hits Joseph.
Your ice beast freezes Joseph!
Unknown command.
You swap places.
Joseph hits you with a +0 quarterstaff.
* * * LOW HITPOINT WARNING * * *
Your ice beast hits Joseph.
Your ice beast freezes Joseph!
Your ice beast barely misses Joseph.
You see here 2 sling bullets.
Joseph unwields a +0 quarterstaff.
Joseph wields a +0 hunting sling.
Joseph shoots a sling bullet.
The sling bullet hits you!!
You die...

#.. #.# ##.# #.#
#.# #.# #.## #.#
..# #.# #Y## #.#
#Y@# #.# ##(## #.#
#Y@# #.#
##.###.######
#.(........#
#..#..####.#
#####.#..####.#
######
#.....#..##...#
.....#
#.##.....##.###
.....#
####.##.#...##.#
.....#
###.††.##......#.#


You could see Joseph and 3 friendly ice beasts.

Vanquished Creatures
  Duvessa (D:6)
  A sky beast (D:7)
  2 ogres
  A phantom (D:5)
  A centaur (D:5)
  2 big kobolds (D:6)
  A bullfrog (D:7)
  A scorpion (D:7)
  2 killer bees (D:7)
  A howler monkey (D:4)
  A crimson imp (D:7)
  An orc priest (D:7)
  A hound (D:6)
  2 orc wizards (D:5)
  A gnoll shaman (D:4)
  An iguana (D:4)
  Natasha (D:3)
  2 gnolls (D:4)
  2 shadow imps
  3 oozes
  2 adder zombies
  A worm (D:4)
  A dart slug (D:1)
  2 leopard geckos
  9 orcs
  4 giant cockroaches
  9 goblins
  8 hobgoblins
  3 jackals
  7 kobolds
  7 bats
  4 frilled lizards
  2 jackal skeletons
  A leopard gecko zombie (D:5)
  2 quokka skeletons (D:5)
  9 rats
99 creatures vanquished.

Vanquished Creatures (collateral kills)
  Grinder (D:6)
  Eustachio (D:4)
  2 orc warriors (D:7)
  A sky beast (D:5)
  A black bear (D:6)
  2 big kobolds (D:6)
  3 bullfrogs
  Dowan (D:6)
  A scorpion (D:7)
  2 crimson imps
  A bullfrog zombie (D:5)
  A hound (D:6)
  2 jellies (D:6)
  7 orc wizards
  An orc priest (D:4)
  Natasha (twice) (D:3)
  An iguana (D:5)
  4 worker ants
  A worker ant zombie (D:7)
  10 gnolls
  5 adders
  An adder skeleton (D:4)
  A worm (D:6)
  A dart slug (D:1)
  2 leopard geckos
  20 orcs
  2 giant cockroaches
  2 goblins
  12 jackals
  A quokka (D:3)
  A frilled lizard (D:3)
  3 kobolds
  A quokka skeleton (D:4)
  A rat (D:1)
98 creatures vanquished.

Vanquished Creatures (others)
  2 fungi (D:6)
  9 toadstools (D:6)
11 creatures vanquished.

Grand Total: 208 creatures vanquished

Notes
Turn   | Place    | Note
-------+----------+-------------------------------------------
     0 | D:1      | tarabluh the Ogre Summoner began the quest for the Orb.
     0 | D:1      | Reached XP level 1. HP: 16/16 MP: 3/3
   115 | D:1      | Reached skill level 1 in Fighting
   115 | D:1      | Reached XP level 2. HP: 14/27 MP: 5/5
   828 | D:1      | Learned a level 2 spell: Call Imp
   845 | D:1      | Reached XP level 3. HP: 35/35 MP: 4/7
  2232 | D:2      | Reached XP level 4. HP: 45/45 MP: 4/9
  2528 | D:2      | Learned a level 3 spell: Call Canine Familiar
  2779 | D:2      | Found a glowing silver altar of Zin.
  2877 | D:2      | Found a shimmering altar of Xom.
  3202 | D:3      | Noticed Natasha
  3333 | D:3      | Killed Natasha
  3477 | D:3      | Reached XP level 5. HP: 48/54 MP: 11/11
  3494 | D:3      | Noticed Natasha
  3502 | D:3      | Killed Natasha
  3614 | D:3      | Noticed Natasha
  3749 | D:3      | Killed Natasha
  4359 | D:5      | Entered Level 5 of the Dungeon
  4439 | D:5      | Reached skill level 5 in Spellcasting
  4458 | D:5      | Reached XP level 6. HP: 39/62 MP: 10/13
  4495 | D:5      | Noticed a sky beast
  4505 | D:5      | Killed a sky beast
  4780 | D:5      | Found a staircase to the Ecumenical Temple.
  4786 | Temple   | Entered the Ecumenical Temple
  4984 | D:5      | Noticed a phantom
  5017 | D:5      | Killed a phantom
  5341 | D:5      | Reached XP level 7. HP: 45/71 MP: 15/15
  5695 | D:5      | Learned a level 3 spell: Summon Guardian Golem
  5700 | D:5      | Learned a level 4 spell: Summon Ice Beast
  5705 | D:5      | Learned a level 4 spell: Summon Lightning Spire
  5790 | D:5      | Reached skill level 5 in Fighting
  5954 | D:6      | Reached skill level 5 in Summonings
  6639 | D:6      | Noticed Duvessa
  6642 | D:6      | Noticed Dowan
  6648 | D:6      | Killed Duvessa
  6654 | D:6      | Killed Dowan
  6654 | D:6      | Reached XP level 8. HP: 83/83 MP: 3/17
  6888 | D:6      | Noticed Grinder
  6985 | D:6      | Killed Grinder
  7321 | D:6      | Noticed a slime creature
  7322 | D:6      | Noticed a slime creature
  8445 | D:4      | Noticed Eustachio
  8458 | D:4      | Killed Eustachio
  8981 | D:7      | Reached XP level 9. HP: 73/96 MP: 3/18
  9289 | D:7      | Found a white marble altar of Elyvilon.
 10668 | D:7      | Noticed Joseph
 10784 | D:7      | Shot with a sling bullet by Joseph

Vault maps used:
D:1:      erik_arrival_gehennom, serial_forest, infiniplex_forest_straight_2,
          infiniplex_forest_pool, infiniplex_forest_lined_2,
          infiniplex_forest_lined_1, infiniplex_forest_lined_room_3,
          infiniplex_forest_straight_4
D:2:      overflow_temple_1_default, overflow_temple_1_default, first_ration
D:3:      minmay_goblin_kobold_house, uniq_natasha
D:4:      uniq_eustachio
D:5:      minmay_temple_entry_hall
D:6:      cheibrodos_fertilizer, serial_co_window_serial, co_window_corner_a,
          co_window_paths_a, co_window_paths_b, co_window_paths_a,
          co_window_cross_1, co_window_broadway_b, co_window_corner_b,
          co_window_unsneaky_path_c, co_window_broadway_a,
          co_window_of_opportunity_c, co_window_corner_b, glass_columns_a,
          glass_columns_a, glass_columns_a, glass_columns_a, uniq_grinder,
          uniq_duvessa
D:7:      old_standard_altar, uniq_joseph
Temple:   zaba_magenta_temple

Skill      XL: |  1  2  3  4  5  6  7  8  9 |
---------------+----------------------------+-----
Fighting       | 1 2 3 4 6 7 8 |  8.6
Spellcasting   | 3 4 5 6 |  6.0
Summonings     | 4 6 8 |  8.7
Dodging        | |  1.7
Stealth        | |  1.4

Action                   |  1- 3 |  4- 6 |  7- 9 || total
-------------------------+-------+-------+-------++-------
Melee: Whip              |   115 |     9 |       ||   124
       Unarmed           |     3 |       |       ||     3
       Halberd           |       |   181 |   224 ||   405
       Staff             |       |       |     9 ||     9
Throw: Stone             |     3 |     4 |     2 ||     9
 Cast: Summon Small Mamm |    18 |    16 |    12 ||    46
       Call Imp          |     4 |    33 |    39 ||    76
       Call Canine Famil |       |    11 |    21 ||    32
       Summon Lightning  |       |       |    15 ||    15
       Summon Guardian G |       |       |    12 ||    12
       Summon Ice Beast  |       |       |    11 ||    11
  Use: Scroll            |       |     8 |     1 ||     9
 Stab: Sleeping          |     2 |     3 |     2 ||     7
       Distracted        |       |       |     6 ||     6
  Eat: Chunk             |     4 |    10 |    12 ||    26
       Ration            |       |       |     4 ||     4
Armor: Robe              |    40 |    43 |    62 ||   145
Dodge: Dodged            |    79 |   157 |   177 ||   413

Table legend:
 A = Non-vault XP
 B = Vault XP
 C = Vault XP percentage of total XP
 D = Non-vault monster count
 E = Vault monster count
 F = Vault count percentage of total count
                 A         B        C        D         E       F
            +---------+---------+-------+---------+---------+-------
      Total |    2249 |     785 |  25.9 |     174 |      23 |  11.7
            +---------+---------+-------+---------+---------+-------
        D:1 |      45 |      18 |  28.6 |      26 |       5 |  16.1
        D:2 |      70 |       0 |   0.0 |      26 |       0 |   0.0
        D:3 |     108 |      28 |  20.6 |      20 |       5 |  20.0
        D:4 |     367 |      99 |  21.2 |      19 |       1 |   5.0
        D:5 |     486 |       0 |   0.0 |      35 |       0 |   0.0
        D:6 |     494 |     640 |  56.4 |      26 |      12 |  31.6
        D:7 |     679 |       0 |   0.0 |      22 |       0 |   0.0
            +---------+---------+-------+---------+---------+-------
